 Dungeon Crawl Stone Soup version 0.28.0-53-g5a82cb258f (webtiles) character file.

Game seed: 16153694712054719374

217 Zeld the Conjurer (level 5, -3/28 HPs)
             Began as a Deep Elf Conjurer on May 24, 2022.
             Killed from afar by Ijyb (19 damage)
             ... with an iceblast
             ... on level 3 of the Dungeon.
             The game lasted 00:05:33 (4096 turns).

Zeld the Conjurer (Deep Elf Conjurer)               Turns: 4096, Time: 00:05:33

Health: -3/28      AC:  5    Str:  4    XL:     5   Next: 62%
Magic:  14/14      EV: 12    Int: 25    God:
Gold:   107        SH:  0    Dex: 13    Spells: 3/14 levels left

rFire   . . .      SeeInvis .   p - +2 quarterstaff (chaos)
rCold   . . .      Faith    .   (shield currently unavailable)
rNeg    . . .      Spirit   .   a - +0 robe
rPois   +          Reflect  .   f - +0 helmet
rElec   .          Harm     .   o - +0 cloak {Stlth+}
rCorr   .          Rampage  .   (no gloves)
Will    .....                   i - +0 pair of boots
Stlth   +++.......              q - amulet of regeneration
HPRegen 0.89/turn               c - ring of poison resistance
MPRegen 0.14/turn               (no ring)

@: no status effects
A: no striking features
a: no special abilities


You were on level 3 of the Dungeon.
You visited 1 branch of the dungeon, and saw 3 of its levels.

You collected 107 gold pieces.

Inventory:

Hand Weapons
 p - a +2 quarterstaff of chaos (weapon)
Armour
 a - a +0 robe (worn)
 f - a +0 helmet (worn)
 i - a +0 pair of boots (worn)
 o - a +0 cloak of stealth (worn)
Jewellery
 c - a ring of poison resistance (left hand)
 q - an amulet of regeneration (around neck)
Wands
 j - a wand of iceblast (3)
Scrolls
 b - a scroll of enchant armour {unknown}
 g - 3 scrolls of blinking {unknown}
 h - a scroll of teleportation {unknown}
 l - a scroll of identify {unknown}
Potions
 d - 2 potions of flight {unknown}
 e - a potion of heal wounds {unknown}
 k - a potion of invisibility {unknown}
 m - 2 potions of curing {unknown}
 n - a potion of mutation {unknown}


   Skills:
 - Level 2.4 Dodging
 - Level 2.4 Stealth
 + Level 5.2 Spellcasting
 + Level 5.4 Conjurations
 - Level 2.0 Hexes
 - Level 2.0 Translocations
 - Level 2.0 Evocations


You had 3 spell levels left.
You knew the following spells:

 Your Spells              Type           Power      Damage    Failure   Level
a - Magic Dart            Conj           100%       1d8       1%          1
b - Searing Ray           Conj           66%        2d6       1%          2
c - Fulminant Prism       Conj/Hex       12%        3d9       17%         4
d - Iskenderun's Mystic   Conj/Tloc      25%        2d7       17%         4

Your spell library contained the following spells:

 Spells                   Type           Power      Damage    Failure   Level
 Dazzling Flash           Conj/Hex       50%        N/A       5%          3
 Stone Arrow              Conj/Erth      40%        3d9       8%          3
 Sandblast                Erth           12%        2d6       9%          1
 Call Imp                 Summ           6%         N/A       12%         2
 Passwall                 Tmut/Erth      5%         N/A       12%         2
 Mephitic Cloud           Conj/Pois/Air  15%        N/A       12%         3


Dungeon Overview and Level Annotations

Branches:
Dungeon (3/15)

Altars:

Annotations:
D:3 Ijyb


Message History

You hit the orc.
You kill the orc!
No target in view!
Things that are here:
a +0 hand axe; a boomerang You now have 91 gold pieces (gained 13).
You now have 101 gold pieces (gained 10).
You now have 107 gold pieces (gained 6).
A rat comes into view.
A rat is nearby!
A rat is nearby!
A rat is nearby!
The helpless rat fails to defend itself.
You hit the rat. You burn the rat.
You kill the rat!
No target in view!
No target in view!
A hobgoblin comes into view.
A hobgoblin is nearby!
Ijyb the Twisted Goblin comes into view.
She is wielding a +0 club and carrying a wand of iceblast (10).
Found a pink potion.
Ijyb shouts!
The hobgoblin shouts!
You hit Ijyb. You freeze Ijyb.
Ijyb is moderately wounded.
Ijyb hits you with a +0 club.
There are monsters nearby!
You hit Ijyb. You burn Ijyb.
Ijyb is heavily wounded.
The hobgoblin hits you but does no damage.
Ijyb screams, "You nasty!
Big nasty!"
Ijyb hits you with a +0 club. The hobgoblin hits you.
Ijyb hits you with a +0 club. The hobgoblin misses you.
The hobgoblin barely misses you.
Ijyb zaps a wand.
The mass of ice explodes!
The iceblast engulfs you.
Ijyb zaps a wand.
The mass of ice explodes!
The iceblast engulfs you!
Ijyb zaps a wand.
The mass of ice explodes!
The iceblast engulfs you!!
Ouch! That really hurt!
You die...

... ........
........# ........##
.........#
.........#
.........#
.........###########
..........gg....@..#
.........########.##
.........########.#
.........#......#.#
##########.####.#.#
#..........##.#.#
###.######.#.##.#.#
.........#.#.##.#.#
.##.####.#.#....#.#


You could see Ijyb and a hobgoblin.

Vanquished Creatures
  Crazy Yiuf (D:2)
  Terence (D:2)
  Natasha (thrice) (D:2)
  3 adders (D:2)
  4 dart slugs
  An orc (D:3)
  6 ball pythons
  8 endoplasms
  A giant cockroach (D:2)
  6 goblins
  3 hobgoblins
  4 jackals (D:1)
  2 kobolds
  2 bats (D:1)
  4 frilled lizards
  4 rats
53 creatures vanquished.

Notes
Turn   | Place    | Note
-------+----------+-------------------------------------------
     0 | D:1      | Zeld the Deep Elf Conjurer began the quest for the Orb.
     0 | D:1      | Reached XP level 1. HP: 10/10 MP: 6/6
   189 | D:1      | Reached skill level 1 in Hexes
   292 | D:1      | Reached XP level 2. HP: 15/15 MP: 5/8
   296 | D:1      | Reached skill level 1 in Translocations
   406 | D:1      | Learned a level 2 spell: Searing Ray
   938 | D:1      | Reached XP level 3. HP: 18/19 MP: 6/9
  1198 | D:1      | Found a faded altar of an unknown god.
  1374 | D:2      | Noticed Natasha
  1379 | D:2      | Killed Natasha
  1505 | D:2      | Noticed Terence
  1784 | D:2      | You fall into a shaft and drop 1 floor!
  2015 | D:2      | Reached XP level 4. HP: 24/24 MP: 8/12
  2020 | D:2      | Learned a level 4 spell: Fulminant Prism
  2025 | D:2      | Learned a level 4 spell: Iskenderun's Mystic Blast
  2393 | D:2      | Killed Terence
  2394 | D:2      | Reached skill level 5 in Conjurations
  2724 | D:2      | Noticed Natasha
  2729 | D:2      | Killed Natasha
  2730 | D:2      | Reached skill level 1 in Evocations
  2730 | D:2      | Reached XP level 5. HP: 18/28 MP: 9/14
  2850 | D:2      | Noticed Natasha
  2857 | D:2      | Killed Natasha
  2858 | D:2      | Reached skill level 5 in Spellcasting
  3423 | D:2      | Found a runed translucent door.
  3424 | D:2      | Noticed Crazy Yiuf
  3432 | D:2      | Killed Crazy Yiuf
  4079 | D:3      | Noticed Ijyb
  4096 | D:3      | Killed from afar by Ijyb

Illustrated notes

Levels and vault maps discovered:
D:1:      ebering_hopf_link, layout_loops_ring, ebering_ecumenical_altar_webs,
          grunt_decor_resistance, chequers_arboretum, minmay_ruptured
D:2:      layout_loops_ring, minivault_4, minmay_misc_feat_alley,
          minmay_misc_feat_encased, kennysheep_generic_room_6, uniq_natasha,
          uniq_terence, uniq_crazy_yiuf_cottage
D:3:      layout_basic, uniq_ijyb

Skill      XL: |  1  2  3  4  5 |
---------------+----------------+-----
Hexes          | 1 2 |  2.0
Translocations | 1 2 |  2.0
Spellcasting   | 4 5 |  5.2
Conjurations   | 5 |  5.4
Evocations     | 1 2 |  2.0
Dodging        | |  2.4
Stealth        | |  2.4

Action                   |  1- 3 |  4- 6 || total
-------------------------+-------+-------++-------
Melee: Unarmed           |    24 |     3 ||    27
       Quarterstaff      |       |     6 ||     6
 Cast: Magic Dart        |    48 |       ||    48
       Searing Ray       |     6 |    20 ||    26
       Iskenderun's Myst |       |     2 ||     2
 Stab: Sleeping          |       |     3 ||     3
Armor: Robe              |    10 |     5 ||    15
Dodge: Dodged            |    28 |    15 ||    43
